 Dungeon Crawl Stone Soup version 0.17-a0-1468-gbf503c2 (webtiles) character file.

67 Sirial the Magician (level 3, -3/28 HPs)
             Began as a Draconian Wanderer on July 1, 2015.
             Was an Initiate of Elyvilon.
             Slain by Sirial's ghost (5 damage)
             ... on level 3 of the Dungeon.
             The game lasted 00:08:43 (1704 turns).

Sirial the Magician (Draconian Wanderer)            Turns: 1704, Time: 00:08:43

Health: -3/28      AC:  5    Str: 11    XL:     3   Next: 98%
Magic:  6/6        EV: 12    Int: 15    God:    Elyvilon [......]
Gold:   127        SH:  0    Dex: 11    Spells: 2 memorised, 4 levels left

rFire  . . .     SeeInvis .     b - +3 dagger
rCold  . . .     Clarity  .     (armour unavailable)
rNeg   . . .     SustAt   .     (no shield)
rPois  +         Gourm    .     (helmet restricted)
rElec  .         Spirit   .     (no cloak)
rCorr  .         Warding  .     (no gloves)
rMut   .         Stasis   .     (no boots)
MR     .....                    (no amulet)
Stlth  ++........               (no ring)
                                i - ring of poison resistance

@: not resistant to hostile enchantments, unstealthy
A: unfitting armour, cold-blooded, AC +5
a: Renounce Religion


You were on level 3 of the Dungeon.
You worshipped Elyvilon.
Elyvilon was noncommittal.
You were not hungry.

You visited 1 branch of the dungeon, and saw 3 of its levels.

You collected 127 gold pieces.

Inventory:

Hand weapons
 a - a +0 arbalest
 b - a +3 dagger (weapon)
 d - a +0 club
 j - a +0 vampiric spear
Missiles
 l - 8 bolts of frost
Armour
 n - a cursed +0 cloak
Jewellery
 i - a ring of poison resistance (left hand)
Scrolls
 c - 2 scrolls of teleportation
Potions
 e - a potion of agility {unknown}
 f - 3 potions of degeneration {unknown}
 g - a potion of ambrosia
 h - a potion of curing {unknown}
Books
 k - a book of Minor Magic

   Spells                             Type                      Level
   a - Magic Dart                     Conjuration                  1
   b - Blink                          Translocation                2
   c - Call Imp                       Summoning                    2
   d - Repel Missiles                 Charms/Air                   2
   e - Slow                           Hexes                        2
   f - Conjure Flame                  Conjuration/Fire             3
   g - Mephitic Cloud                 Conjuration/Poison/Air       3
 m - the Tome of Malediction

   Spells                             Type                      Level
   a - Corona                         Hexes                        1
   b - Spectral Weapon                Hexes/Charms                 3
Comestibles
 o - a bread ration


   Skills:
 + Level 1.3 Fighting
 + Level 0.2(1.2) Short Blades
   Level 2.0 Long Blades
 + Level 0.4 Maces & Flails
 + Level 1.0 Throwing
 + Level 1.5 Dodging
 + Level 1.7 Stealth
 * Level 2.2 Spellcasting
 + Level 2.0 Conjurations
 + Level 0.1 Hexes
   Level 2.0 Ice Magic


You had 4 spell levels left.
You knew the following spells:

 Your Spells              Type           Power        Failure   Level  Hunger
a - Corona                Hex            #......      21%         1    #......
b - Magic Dart            Conj           #...         12%         1    #......


Dungeon Overview and Level Annotations

Branches:
Dungeon (3/15)

Altars:
Elyvilon

Annotations:
D:3 Sirial's ghost, weakling DrWn


Innate Abilities, Weirdness & Mutations

Your plain brown scales are hard (AC +5).
Your body does not fit into most forms of armour.
You are cold-blooded and may be slowed by cold attacks.


Message History

Sirial's ghost hits you but does no damage.
You closely miss Sirial's ghost.
Sirial's ghost is lightly damaged.
Sirial's ghost closely misses you.
You closely miss Sirial's ghost.
Your tail-slap misses Sirial's ghost.
Sirial's ghost is lightly damaged.
Sirial's ghost hits you.
* * * LOW HITPOINT WARNING * * *
You closely miss Sirial's ghost. You tail-slap Sirial's ghost.
Sirial's ghost is lightly damaged.
Sirial's ghost whispers, "It is all a dream - a grotesque and foolish dream."
Sirial's ghost closely misses you.
You hit Sirial's ghost but do no damage.
Sirial's ghost is lightly damaged.
Sirial's ghost hits you.
* * * LOW HITPOINT WARNING * * *
You hit Sirial's ghost but do no damage.
Sirial's ghost is lightly damaged.
Sirial's ghost hits you.
You die...

### ..# #####
#######.###########...
............... ....##
#@##########...##
#W..............#
...........#######..<##
.#########.# #..## #.#
#.## #.# #.# #.# #.#
#.# #.# #.# #.#


You could see Sirial's ghost.

Vanquished Creatures
  3 adders (D:2)
  3 worms (D:2)
  3 bats
  2 goblins (D:1)
  7 hobgoblins
  2 giant geckos (D:1)
  A giant newt (D:1)
  5 kobolds
  6 rats
32 creatures vanquished.

Notes
Turn   | Place    | Note
--------------------------------------------------------------
     0 | D:1      | Sirial the Draconian Wanderer began the quest for the Orb.
     0 | D:1      | Sirial set off with: a book of Minor Magic, the Tome of Malediction, a scroll of teleportation, a +0 club, a bread ration
     0 | D:1      | Reached XP level 1. HP: 16/16 MP: 2/2
     2 | D:1      | Learned a level 1 spell: Corona
     4 | D:1      | Learned a level 1 spell: Magic Dart
   131 | D:1      | Reached XP level 2. HP: 10/23 MP: 4/4
   749 | D:1      | Reached skill level 1 in Dodging
   987 | D:2      | Found a white marble altar of Elyvilon.
  1023 | D:2      | Became a worshipper of Elyvilon the Healer
  1060 | D:2      | Reached XP level 3. HP: 14/28 MP: 5/5
  1673 | D:3      | Noticed Sirial's ghost (weakling DrWn)
  1704 | D:3      | Slain by Sirial's ghost

Vault maps used:
D:1:      evilmike_arrival_fibonacci_small, serial_forest,
          infiniplex_forest_end_2, infiniplex_forest_clump_small,
          infiniplex_forest_lined_corner, infiniplex_forest_pool,
          infiniplex_forest_straight_4
D:2:      elyvilon_altar_3
D:3:      lemuel_coloured_pillars_altar, uniq_crazy_yiuf_cottage

Action                   || total
-------------------------++-------
Melee: Club              ||    71
       Dagger            ||    44
 Fire: Arbalest          ||    17
 Cast: Corona            ||    13
       Magic Dart        ||     4
  Use: Scroll            ||     3
  Eat: Pizza             ||     1
       Bread ration      ||     1
